 Dungeon Crawl Stone Soup version 0.27.1-1-g398f81649c (webtiles) character file.

Game seed: 7778493582424324931

307 ZARRMARR the Covert (level 6, 0/39 HPs)
             Began as an Octopode Brigand on Sept 8, 2021.
             Slain by an iguana (5 damage)
             ... on level 4 of the Dungeon.
             The game lasted 00:12:13 (3658 turns).

ZARRMARR the Covert (Octopode Brigand)              Turns: 3658, Time: 00:12:13

Health: 0/39       AC:  1    Str:  8 (11) XL:     6   Next: 40%
Magic:  6/6        EV: 12    Int: 13 (15) God:
Gold:   164        SH:  0    Dex: 12 (13) Spells: 5/5 levels left

rFire    . . .     SeeInvis .   a - +2 dagger
rCold    . . .     Faith    .   (no shield)
rNeg     . . .     Spirit   .   (helmet restricted)
rPois    .         Reflect  .   (no amulet)
rElec    .         Harm     .   (no ring)
rCorr    .         Rampage  .   (no ring)
Will     .....                  (no ring)
Stlth    +++++.....             (no ring)
HPRegen  0.13/turn              (no ring)
MPRegen  0.10/turn              (no ring)
                                (no ring)
                                (no ring)

@: mighty
A: almost no armour, amphibious, 8 rings, camouflage 1, gelatinous body 1,
(nimble swimmer 1), tentacles
a: no special abilities


You were on level 4 of the Dungeon.
You visited 1 branch of the dungeon, and saw 4 of its levels.

You collected 164 gold pieces.

Inventory:

Hand Weapons
 a - a +2 dagger (weapon)
Missiles
 b - 44 poisoned darts (quivered)
 c - 2 curare-tipped darts
Jewellery
 g - an amulet of faith
 i - a ring of flight
Wands
 m - a wand of polymorph (7)
Scrolls
 h - a scroll of fog
 k - 2 scrolls of torment {unknown}
 l - a scroll of amnesia {unknown}
 n - a scroll of teleportation {unknown}
 o - a scroll of immolation {unknown}
 p - a scroll of noise {unknown}
Potions
 d - a potion of ambrosia {unknown}
 e - a potion of attraction
 j - a potion of degeneration


   Skills:
 - Level 2.0 Fighting
 + Level 4.8 Short Blades
 - Level 2.0 Throwing
 - Level 1.0 Dodging
 + Level 8.3 Stealth


You had 5 spell levels left.
You didn't know any spells.
Your spell library contained the following spells:

 Spells                   Type           Power      Damage    Failure   Level
 Slow                     Hex            0%         N/A       43%         2
 Confusing Touch          Hex            0%         N/A       67%         3
 Airstrike                Air            0%         N/A       97%         4
 Summon Lightning Spire   Summ/Air       0%         N/A       97%         4
 Lightning Bolt           Conj/Air       0%         1d11      100%        5
 Yara's Violent Unravell  Hex/Tmut       0%         3d3       100%        5


Dungeon Overview and Level Annotations

Branches:
Dungeon (4/15)
 Temple: D:4-7

Altars:
Ashenzari
Gozag
Uskayaw
Yredelemnul

Annotations:
D:3 3 runed translucent doors, zdrol's ghost, amateur MiFi


Innate Abilities, Weirdness & Mutations

You cannot wear most types of armour.
You are amphibious.
You can wear up to eight rings at the same time.
Your skin changes colour to match your surroundings (Stealth+).
Your rubbery body absorbs attacks. (AC +1, EV +1)
((You are camouflaged near water. (Stealth+)))
You have tentacles for arms and can constrict up to eight enemies at once.


Message History

The adder is moderately wounded.
You feel sick. The adder bites you.
You hit the adder. Your grab misses the adder.
The adder is heavily wounded.
You feel sick. The adder closely misses you.
You miss the adder. You grab the adder.
The adder is heavily wounded.
You constrict the adder.
You feel sick. The adder bites you.
You are more poisoned.
The adder poisons you!
You release your grip on the adder.
You feel sick. The adder bites you.
You see here a +0 broad axe.
You feel sick.
Found an opulent altar of Gozag.
You feel sick.
You feel sick.
You feel sick. The adder closely misses you.
You feel sick.
You are no longer poisoned.
It was a potion of degeneration.
There was something very wrong with that liquid.
You feel weakened.
You feel dopey.
You feel clumsy. The adder closely misses you.
It was a potion of might.
You feel very mighty all of a sudden. The adder barely misses you.
The adder bites you.
* * * LOW HITPOINT WARNING * * *
Unknown command.
Unknown command.
You puncture the adder!
You kill the adder!
You puncture the adder! You grab the adder.
The adder is almost dead.
You constrict the adder.
You kill the adder!
You hit the iguana. Your grab misses the iguana.
The iguana is lightly wounded.
You barely miss the iguana. You grab the iguana.
The iguana is lightly wounded.
You constrict the iguana. The iguana bites you.
You die...

....................o....l.......
######.......######o##.[...S.....
######.......# #.##...########
.....#.......######.##...#
.....+.......+...o)........
.....#.......###.##.########
.....#.......# #.##.#
.....#.......# #l##.#
.............# #@####
..).........##.....#
......#######.8...8.#
###.........#.......#
#....####....._..... #....#
###.......#.# #....# #.8...8.#...
#....# ##.....## ## #....#


You could see an iguana and an orc.

Vanquished Creatures
  Crazy Yiuf (D:3)
  3 hounds
  9 adders
  4 gnolls (D:2)
  A worm (D:2)
  4 dart slugs
  5 ball pythons
  6 endoplasms
  2 giant cockroaches (D:1)
  4 goblins
  11 hobgoblins
  2 jackals (D:3)
  2 quokkas (D:1)
  5 bats
  4 frilled lizards
  A kobold (D:2)
  3 rats
67 creatures vanquished.

Vanquished Creatures (others)
  3 fungi (D:3)
  A plant (D:3)
4 creatures vanquished.

Grand Total: 71 creatures vanquished

Notes
Turn   | Place    | Note
-------+----------+-------------------------------------------
     0 | D:1      | ZARRMARR the Octopode Brigand began the quest for the Orb.
     0 | D:1      | Reached XP level 1. HP: 14/14 MP: 1/1
   116 | D:1      | Reached XP level 2. HP: 19/19 MP: 2/2
   428 | D:1      | Reached skill level 6 in Stealth
   497 | D:1      | Reached XP level 3. HP: 24/24 MP: 3/3
  1123 | D:2      | Reached XP level 4. HP: 20/29 MP: 4/4
  2228 | D:2      | Reached skill level 7 in Stealth
  2233 | D:2      | Reached XP level 5. HP: 29/34 MP: 5/5
  2546 | D:3      | Found a runed translucent gate.
  2595 | D:3      | Found a faded altar of an unknown god.
  2778 | D:3      | Found a runed translucent gate.
  2779 | D:3      | Found a runed translucent gate.
  2781 | D:3      | Noticed a kobold brigand
  2781 | D:3      | Noticed zdrol's ghost (amateur MiFi)
  2929 | D:3      | Found a broken altar of Ashenzari.
  2972 | D:3      | Found a runed translucent door.
  2973 | D:3      | Noticed Crazy Yiuf
  2991 | D:3      | Found a basalt altar of Yredelemnul.
  3099 | D:3      | Found a hide-covered altar of Uskayaw.
  3290 | D:3      | Killed Crazy Yiuf
  3365 | D:4      | Reached skill level 8 in Stealth
  3365 | D:4      | Reached XP level 6. HP: 25/39 MP: 6/6
  3649 | D:4      | Found an opulent altar of Gozag.
  3658 | D:4      | Slain by an iguana

Illustrated notes

Levels and vault maps discovered:
D:1:      minmay_arrival_open_corners, layout_basic
D:2:      layout_loops_cross
D:3:      layout_rooms, amcnicky_altar_gilded, lemuel_round_altar,
          mainiacjoe_overflow_brackets, shapermc_ecumenical_altar_venn,
          serial_curves, eino_curves_02, eino_curves_04,
          gammafunk_ghost_nasty_kobolds, uniq_crazy_yiuf_cottage
D:4:      layout_basic, mainiacjoe_overflow_tiny_flanked, grunt_gozag_statues,
          minmay_temple_entry_butterflies

Skill      XL: |  1  2  3  4  5 |
---------------+----------------+-----
Stealth        | 6 7 8 |  8.3
Short Blades   | 3 4 |  4.8
Fighting       | |  2.0
Throwing       | |  2.0
Dodging        | |  1.0

Action                   |  1- 3 |  4- 6 || total
-------------------------+-------+-------++-------
Melee: Dagger            |    59 |    81 ||   140
       Constrict         |    12 |    22 ||    34
       Tentacles         |    11 |    12 ||    23
Throw: Dart              |       |    10 ||    10
  Use: Scroll            |     2 |     1 ||     3
       Potion            |       |     2 ||     2
 Stab: Sleeping          |    12 |     6 ||    18
       Distracted        |       |     3 ||     3
Armor: Skin              |     3 |     3 ||     6
Dodge: Dodged            |    21 |    40 ||    61
